 Dungeon Crawl Stone Soup version 0.21-a0-634-gaf8bc5d (webtiles) character file.

2 sithsevirus the Thaumaturge (level 1, 0/13 HPs)
             Began as a Gnoll Wanderer on Dec 29, 2017.
             Killed from afar by a dart slug (3 damage)
             ... with a slug dart
             ... on level 1 of the Dungeon.
             The game lasted 00:01:42 (140 turns).

sithsevirus the Thaumaturge (Gnoll Wanderer)         Turns: 140, Time: 00:01:43

Health: 0/13       AC:  2    Str: 11    XL:     1   Next: 40%
Magic:  12/12      EV: 11    Int: 18    God:
Gold:   0          SH:  0    Dex: 13    Spells: 21/22 levels left

rFire    . . .     SeeInvis .   e - +0 dagger
rCold    . . .     Gourm    .   (no shield)
rNeg     . . .     Faith    .   d - +0 robe
rPois    .         Spirit   .   (no helmet)
rElec    .         Reflect  .   (no cloak)
rCorr    .         Harm     .   (no gloves)
MR       .....                  (no boots)
Stlth    +.........             (no amulet)
HPRegen  0.04/turn              (no ring)
MPRegen  0.13/turn              (no ring)

@: no status effects
A: distributed training, fangs 1, strong nose
a: no special abilities


You were on level 1 of the Dungeon.
You were not hungry.

You visited 1 branch of the dungeon, and saw 1 of its levels.

Inventory:

Hand Weapons
 e - a +0 dagger (weapon)
Armour
 d - a +0 robe (worn)
Wands
 a - a wand of flame (15)
Books
 b - the Grimoire of Calling

   Spells                             Type                      Level
   a - Summon Butterflies             Summoning                    1
   b - Call Canine Familiar           Summoning                    3
 c - Adywkora's Guide on Darkness

   Spells                             Type                      Level
   a - Corpse Rot                     Necromancy                   2
   b - Sublimation of Blood           Necromancy                   2
Comestibles
 f - a ration
 g - 4 chunks of flesh


   Skills:
 + Level 0.0 Fighting
 + Level 0.0 Short Blades
 + Level 0.0 Long Blades
 + Level 0.0 Axes
 + Level 0.0 Maces & Flails
 + Level 0.0 Polearms
 + Level 0.0 Staves
 + Level 0.0 Slings
 + Level 0.0 Bows
 + Level 0.0 Crossbows
 + Level 2.3 Throwing
 + Level 0.0 Armour
 + Level 0.0 Dodging
 + Level 0.0 Stealth
 + Level 0.0 Shields
 + Level 0.0 Unarmed Combat
 + Level 11.1 Spellcasting
 + Level 1.9 Conjurations
 + Level 1.9 Hexes
 + Level 0.0 Charms
 + Level 0.0 Summonings
 + Level 1.9 Necromancy
 + Level 0.0 Translocations
 + Level 0.0 Transmutations
 + Level 0.0 Fire Magic
 + Level 0.0 Ice Magic
 + Level 0.0 Air Magic
 + Level 0.0 Earth Magic
 + Level 0.0 Poison Magic
 + Level 0.1 Invocations
 + Level 2.3 Evocations


You had 21 spell levels left.
You knew the following spells:

 Your Spells              Type           Power        Failure   Level  Hunger
a - Summon Butterflies    Summ           ##......     7%          1    None


Dungeon Overview and Level Annotations

Branches:
Dungeon (1/15)

Altars:


Innate Abilities, Weirdness & Mutations

Your experience applies equally to all skills.
You have very sharp teeth.
Your uncanny sense of smell can sniff out nearby items.


Message History

The kobold hits you but does no damage.
You hit the kobold but do no damage. The bat closely misses you.
The kobold barely misses you.
You hit the kobold but do no damage. Your bite misses the kobold.
The bat barely misses you. The kobold misses you.
You hit the kobold but do no damage. Your bite misses the kobold.
The bat hits you. The kobold hits you.
* * * LOW HITPOINT WARNING * * *
You barely miss the kobold. The bat closely misses you.
The kobold splashes around in the water.
You closely miss the kobold. The bat closely misses you.
The kobold splashes around in the water.
You miss the kobold. The bat misses you. The kobold hits you.
* * * LOW HITPOINT WARNING * * *
You hit the kobold but do no damage. The bat closely misses you.
The kobold barely misses you.
You hit the kobold but do no damage. The bat barely misses you. x2
The dart slug launches a dart at you. The slug dart hits you!
You die...

........# ........#
........#
........################
............#≈≈≈§§≈≈≈≈≈#
.............≈8≈§≈§≈≈8≈#
g............≈≈8≈wg§8≈≈#
..#..........≈≈K####≈§§#
..#.>........≈≈w@.b#≈§≈#
..'..........§≈≈'..#≈≈§#
..#..........≈≈≈####≈≈§# #
..#..........≈≈8≈≈§§8≈§###..
..#.........#≈8≈§≈≈§≈8≈.....
..#.........#≈≈≈§§§≈≈≈≈.###.
..#.........########........
...####........g.r...#......
... #..............#......


You could see 2 dart slugs, a hobgoblin, a bat and a kobold.

Vanquished Creatures
  A giant cockroach (D:1)
  2 rats (D:1)
3 creatures vanquished.

Notes
Turn   | Place    | Note
-------+----------+-------------------------------------------
     0 | D:1      | Reached skill level 11 in Spellcasting
     0 | D:1      | sithsevirus the Gnoll Wanderer began the quest for the Orb.
     0 | D:1      | sithsevirus set off with: a wand of flame (15), the Grimoire of Calling, Adywkora's Guide on Darkness, a +0 robe, a +0 dagger, a ration
     0 | D:1      | Reached XP level 1. HP: 13/13 MP: 12/12
     0 | D:1      | Identified the Grimoire of Calling
     0 | D:1      | Identified Adywkora's Guide on Darkness
     2 | D:1      | Learned a level 1 spell: Summon Butterflies
   140 | D:1      | Killed from afar by a dart slug

Vault maps used:
D:1:      lightli_arrival_boilingwater, bh_walls_and_bars

Skill      XL: | |
---------------+-+-----
Spellcasting   | | 11.1
Throwing       | |  2.3
Conjurations   | |  1.9
Hexes          | |  1.9
Necromancy     | |  1.9
Invocations    | |  0.1
Evocations     | |  2.3

Action                   || total
-------------------------++-------
Melee: Dagger            ||    38
       Bite              ||     3
Armor: Robe              ||    24
Dodge: Dodged            ||    49

Table legend:
 A = Spawn XP
 B = Non-spawn XP
 C = Spawn XP percentage of total XP
 D = Spawn monster count
 E = Non-spawn monster count
 F = Spawn count percentage of total count
 G = Total turns spent on level
                    A         B        C        D         E        F      G
               +---------+---------+-------+---------+---------+-------+---------
         Total |       0 |       4 |   0.0 |       0 |       3 |   0.0 |   140
               +---------+---------+-------+---------+---------+-------+---------
           D:1 |       0 |       4 |   0.0 |       0 |       3 |   0.0 |   140
               +---------+---------+-------+---------+---------+-------+---------
